 Dungeon Crawl Stone Soup version 0.27-a0-54-g64bdb92e38 (webtiles) character file.

Game seed: 512893620051036885

691 Borgoz the Basher (level 7, 21/47 HPs)
             Began as a Gargoyle Berserker on Jan 7, 2021.
             Was a Priest of Trog.
             Quit the game on level 4 of the Dungeon.
             The game lasted 00:04:07 (3372 turns).

Borgoz the Basher (Gargoyle Berserker)              Turns: 3372, Time: 00:04:08

Health: 21/47      AC:  9    Str: 20    XL:     7   Next: 63%
Magic:  7/7        EV: 13    Int:  8    God:    Trog [***...]
Gold:   155        SH:  0    Dex: 11    Spells: 6/6 levels left

rFire    . . .     SeeInvis .   n - +0 flail
rCold    . . .     Faith    .   (no shield)
rNeg     + . .     Spirit   .   g - +0 scale mail (curse)
rPois    ∞         Reflect  .   (helmet restricted)
rElec    +         Harm     .   (no cloak)
rCorr    .         Rampage  .   (no gloves)
Will     .....                  (no boots)
Stlth    ..........             (no amulet)
HPRegen  0.15/turn              (no ring)
MPRegen  0.10/turn              (no ring)

@: no status effects
A: beak, hooves 1, deformed body, negative energy resistance 1, electricity
resistance, unbreathing, petrification resistance, miasma immunity, AC +4
a: Renounce Religion, Berserk, Trog's Hand


You were on level 4 of the Dungeon.
You worshipped Trog.
Trog was most pleased with you.
You visited 1 branch of the dungeon, and saw 4 of its levels.

You collected 155 gold pieces.

Inventory:

Hand Weapons
 n - a +0 flail (weapon)
Armour
 g - a cursed +0 scale mail (worn)
Scrolls
 b - 2 scrolls of teleportation {unknown}
 d - 3 scrolls of enchant weapon {unknown}
 e - a scroll of magic mapping {unknown}
 f - a scroll of blinking {unknown}
 k - 2 scrolls of remove curse {unknown}
 l - 2 scrolls of amnesia {unknown}
Potions
 i - 2 potions of flight
 m - a potion of haste


   Skills:
 + Level 6.6 Fighting
 * Level 8.0 Maces & Flails
 + Level 6.1 Armour
 * Level 6.5 Dodging


You had 6 spell levels left.
You didn't know any spells.
Your spell library was empty.

Dungeon Overview and Level Annotations

Branches:
Dungeon (4/15)
 Temple: D:4-7

Altars:
Elyvilon
Xom


Innate Abilities, Weirdness & Mutations

You are resistant to torment.
Your stone body is resilient. (AC +4)
You are immune to poison.
You resist negative energy. (rN+)
You are resistant to electric shocks. (rElec)
You can survive without breathing.
You are immune to petrification.
You are immune to miasma.
You have a beak for a mouth.
You have large cloven feet.
Armour fits poorly on your strangely shaped body.


Message History

You hit Pikel. You kick Pikel, but do no damage.
Pikel is almost dead.
Pikel hits you with a +2 whip of flaming!
Pikel burns you.
You barely miss Pikel. You kick Pikel, but do no damage. You peck Pikel.
Pikel is almost dead.
Pikel completely misses you.
You closely miss Pikel. Your kick misses Pikel.
Pikel is almost dead.
Pikel hits you with a +2 whip of flaming.
Pikel burns you.
You hit Pikel.
You kill Pikel!
Trog accepts your kill.
With Pikel's spell broken, his former minions thank you for their freedom.
The lemure departs this earthly plane. x3
Your Maces & Flails skill increases to level 8!
Your Armour skill increases to level 6!
You have reached level 7!
Are you sure you want to abandon this character and quit the game? (Confirm with "yes".)

.## ##.##
#...# ...
§.§ #S###
#)#.#####
#@.......
###....##..
#......#
#.#........
#.#########
#.# #.#
#.####
#....#


You could see an adder.

Vanquished Creatures
  Pikel (D:4)
  A lemure (D:4)
  An orc priest (D:3)
  A gnoll (D:1)
  3 adders
  3 oozes
  2 worms (D:2)
  4 leopard geckos
  5 orcs (D:3)
  3 ball pythons
  10 bats
  4 giant cockroaches
  8 goblins
  12 hobgoblins
  9 jackals (D:3)
  5 frilled lizards (D:2)
  6 kobolds
  7 rats
85 creatures vanquished.

Vanquished Creatures (others)
  A plant (D:1)
1 creature vanquished.

Grand Total: 86 creatures vanquished

Notes
Turn   | Place    | Note
-------+----------+-------------------------------------------
     0 | D:1      | Borgoz the Gargoyle Berserker began the quest for the Orb.
     0 | D:1      | Reached XP level 1. HP: 14/14 MP: 1/1
   423 | D:1      | Reached XP level 2. HP: 19/19 MP: 2/2
   499 | D:1      | You fall into a shaft and drop 1 floor!
   508 | D:2      | Reached XP level 3. HP: 20/23 MP: 3/3
  1177 | D:1      | Reached ** piety under Trog
  1326 | D:1      | Reached XP level 4. HP: 29/29 MP: 4/4
  1842 | D:2      | Reached skill level 7 in Maces & Flails
  1842 | D:2      | Reached skill level 5 in Armour
  1842 | D:2      | Reached XP level 5. HP: 36/36 MP: 5/5
  2938 | D:3      | Found a white marble altar of Elyvilon.
  3032 | D:3      | Reached XP level 6. HP: 40/42 MP: 6/6
  3093 | D:3      | Found a shimmering altar of Xom.
  3138 | D:3      | Reached *** piety under Trog
  3333 | D:4      | Noticed Pikel
  3353 | D:4      | Gained mutation: You have large cloven feet. [potion of
                  | mutation]
  3353 | D:4      | Gained mutation: Armour fits poorly on your strangely
                  | shaped body. [potion of mutation]
  3353 | D:4      | Gained mutation: You have a beak for a mouth. [potion of
                  | mutation]
  3371 | D:4      | Killed Pikel
  3372 | D:4      | Reached skill level 8 in Maces & Flails
  3372 | D:4      | Reached XP level 7. HP: 21/47 MP: 7/7
  3372 | D:4      | Quit the game

Illustrated notes

Levels and vault maps discovered:
D:1:      minmay_arrival_semitransparent, layout_basic, serial_bayou,
          serial_bayou_pond_b, serial_bayou_pond_c, serial_bayou_lagoon_a,
          serial_bayou_lake_a, serial_bayou_lagoon_b
D:2:      layout_basic
D:3:      layout_basic, elyvilon_altar_3, tgw_xom, grunt_decor_junction,
          grunt_ministairs_14, hangedman_decor_growths,
          chequers_serial_rivers_marsh
D:4:      layout_loops_cross, nicolae_overflow_crystal_walls,
          uniq_blork_the_orc, uniq_pikel

Skill      XL: |  1  2  3  4  5  6 |
---------------+-------------------+-----
Dodging        | 2 6 |  6.5
Fighting       | 6 |  6.6
Maces & Flails | 7 8 |  8.0
Armour         | 5 6 |  6.1

Action                   |  1- 3 |  4- 6 |  7- 9 || total
-------------------------+-------+-------+-------++-------
Melee: Mace              |   122 |   171 |       ||   293
       Flail             |       |    35 |       ||    35
       Kick              |       |     4 |       ||     4
       Peck              |       |     2 |       ||     2
  Use: Potion            |       |     7 |       ||     7
       Scroll            |       |     1 |       ||     1
Armor: Animal skin       |    38 |       |       ||    38
       Scale mail        |    29 |   106 |       ||   135
Dodge: Dodged            |   103 |   144 |       ||   247

Table legend: (Time is in decaauts)
 A = Elapsed time spent in this place.
 B = Non-inter-level travel time spent in this place.
 C = Inter-level travel time spent in this place.
 D = Time resting spent in this place.
 E = Time spent auto-exploring this place.
 F = Levels seen in this place.
 G = Mean time per level.
                   A        B        C        D        E       F      G
               +--------+--------+--------+--------+--------+-----+--------+
         Total |   3495 |   3398 |     97 |    176 |   2591 |   4 |  873.8 |
       Dungeon |   3495 |   3398 |     97 |    176 |   2591 |   4 |  873.8 |
               +--------+--------+--------+--------+--------+-----+--------+

Top non-repeatable levels by time:
     D:1: 1322 daAuts
     D:2: 1259 daAuts
     D:3: 842 daAuts
     D:4: 71 daAuts
